 Dungeon Crawl Stone Soup version 0.28-a0-852-gbbce81c95b (webtiles) character file.

Game seed: 15139380680449180650

2228 Ijustatesigmund the Fighter (level 9, -16/90 HPs)
             Began as a Gargoyle Fighter on Nov 15, 2021.
             Demolished by an ogre (18 damage)
             ... on level 6 of the Dungeon.
             The game lasted 00:09:54 (7714 turns).

Ijustatesigmund the Fighter (Gargoyle Fighter)      Turns: 7714, Time: 00:09:56

Health: -16/90     AC: 24    Str: 21    XL:     9   Next: 36%
Magic:  9/9        EV:  2    Int: 11    God:
Gold:   175        SH:  4    Dex:  9    Spells: 8/8 levels left

rFire   . . .      SeeInvis .   a - +2 morningstar
rCold   . . .      Faith    .   c - +0 buckler
rNeg    + . .      Spirit   .   (armour currently unavailable)
rPois   ∞          Reflect  .   (helmet currently unavailable)
rElec   .          Harm     .   (cloak currently unavailable)
rCorr   .          Rampage  .   (gloves currently unavailable)
Will    .....      NoTele   +   (boots currently unavailable)
Stlth   +.........              (no amulet)
HPRegen 0.25/turn               (no ring)
MPRegen 0.11/turn               (no ring)

@: tree-form
A: stationary, stasis, torment immunity, boosted hp, sickness immunity, AC +6,
negative energy resistance 1, (electricity resistance), torment resistance 1,
petrification resistance
a: no special abilities


You were on level 6 of the Dungeon.
You were a tree.
You visited 1 branch of the dungeon, and saw 6 of its levels.

You collected 305 gold pieces.
You spent 130 gold pieces at shops.

Inventory:

Hand Weapons
 a - a +2 morningstar (weapon)
 r - a +1 flail of chaos
Missiles
 f - 10 poisoned darts (quivered)
Armour
 b - a +0 chain mail (melded)
 c - a +0 buckler (worn)
 l - a +0 cloak (melded)
Jewellery
 e - a ring of fire
 k - a ring of protection from fire
Wands
 q - a wand of polymorph (8)
Scrolls
 o - a scroll of blinking
Potions
 g - 3 potions of lignification
 h - 5 potions of curing
 i - a potion of mutation
 j - 2 potions of brilliance
 n - a potion of attraction
 p - a potion of ambrosia {unknown}


   Skills:
 + Level 8.8 Fighting
 + Level 7.7 Maces & Flails
 + Level 7.4 Armour
 - Level 3.2 Shields


You had 8 spell levels left.
You didn't know any spells.
Your spell library was empty.

Dungeon Overview and Level Annotations

Branches:
Dungeon (6/15)
 Temple: D:4-7

Altars:
Fedhas
Gozag
Hepliaklqana
Qazlal
Sif Muna
Uskayaw
Xom
Yredelemnul

Shops:
D:3 !(


Innate Abilities, Weirdness & Mutations

You are a tree.
Your roots penetrate the ground, keeping you stationary.
You cannot be teleported.
You are immune to unholy pain and torment.
Your maximum health is greatly increased.
Your equipment is partially melded.
You are immune to sickness and miasma.
((Your stone body is resilient. (AC +6)))
You are immune to poison.
You resist negative energy. (rN+)
((You are resistant to electric shocks. (rElec)))
You are resistant to unholy torment.
You are immune to petrification.


Message History

You puncture the troll!
The troll is moderately wounded.
The ogre hits you with a +0 giant club. The troll bites you but does no damage.
The troll closely misses you. The troll claws you.
You are too injured to fight recklessly!
You are too injured to fight recklessly!
You are too injured to fight recklessly!
You are too injured to fight recklessly!
You are too injured to fight recklessly!
You are too injured to fight recklessly!
You are too injured to fight recklessly!
You are too injured to fight recklessly!
You are too injured to fight recklessly!
You are too injured to fight recklessly!
Okay, then.
Really quaff the potion of lignification?
You turn into a tree.
Your +0 cloak melds into your body.
Your +0 chain mail melds into your body.
Your roots penetrate the ground.
The troll bites you.
The troll claws you but does no damage. x2; You block the ogre's attack.
You completely miss the troll.
The troll is moderately wounded.
The troll bites you but does no damage. The troll claws you!
The troll claws you but does no damage. The ogre hits you but does no damage.
The troll bites you but does no damage. The troll claws you.
* * * LOW HITPOINT WARNING * * *
The troll claws you but does no damage.
You barely miss the troll.
The troll is lightly wounded.
The ogre hits you with a +0 giant club!
* * * LOW HITPOINT WARNING * * *
The troll bites you but does no damage. The troll barely misses you.
The troll claws you but does no damage.
You hit the troll but do no damage.
The troll is lightly wounded.
The troll bites you!
* * * LOW HITPOINT WARNING * * *
You block the troll's attack. The troll claws you but does no damage.
The ogre hits you with a +0 giant club!!
You die...

#######.####.#.###...........
.............................
#######.#..##.#.##..#..###.#.
.......<.....................
#...########################.
.. #.....#.....# ....# #.
#.....#.....#.....# #.
#.†#..#OT#.S#:.#..# #.
#..#..#♣.#O.#..#..###'#.
#..#.....#l....#..T...##
#†)#.....#..=..#W.... #.
#..####################.
#.......................
#.......................
#..####################.
#..#.....#.....# #.
#.†#.....#.....# #.


You could see a troll and an ogre.

Vanquished Creatures
  Eustachio (D:6)
  Edmund (D:5)
  An acid dragon (D:6)
  3 water moccasins
  An orc warrior (D:6)
  Duvessa (D:6)
  A black bear (D:4)
  A sky beast (D:5)
  4 necrophages (D:4)
  An ogre (D:5)
  A phantom (D:5)
  A bullfrog (D:6)
  A scorpion (D:4)
  Dowan (D:6)
  A howler monkey (D:6)
  A bullfrog zombie (D:6)
  4 hounds
  An orc priest (D:3)
  Crazy Yiuf (D:2)
  A centaur skeleton (D:5)
  Jessica (D:2)
  Ijyb (D:4)
  An iguana (D:4)
  2 hound zombies (D:4)
  A hound skeleton (D:4)
  3 adders
  2 ufetubi
  An adder skeleton (D:4)
  3 worms
  4 dart slugs
  7 orcs
  3 bats
  7 endoplasms
  4 giant cockroaches
  6 goblins
  3 hobgoblins
  3 jackals (D:2)
  10 kobolds
  5 ball pythons
  3 frilled lizards (D:1)
  4 rats
102 creatures vanquished.

Vanquished Creatures (others)
  A bush (D:4)
  10 plants (D:4)
  6 toadstools (D:1)
17 creatures vanquished.

Grand Total: 119 creatures vanquished

Notes
Turn   | Place    | Note
-------+----------+-------------------------------------------
     0 | D:1      | Ijustatesigmund the Gargoyle Fighter began the quest for
                  | the Orb.
     0 | D:1      | Reached XP level 1. HP: 14/14 MP: 1/1
   387 | D:1      | Reached XP level 2. HP: 19/19 MP: 2/2
   610 | D:1      | Found a faded altar of an unknown god.
  1050 | D:2      | Reached skill level 4 in Fighting
  1050 | D:2      | Reached XP level 3. HP: 19/24 MP: 3/3
  1375 | D:2      | Noticed Jessica
  1379 | D:2      | Killed Jessica
  1380 | D:2      | Reached XP level 4. HP: 23/30 MP: 4/4
  1613 | D:2      | Found a runed translucent door.
  1614 | D:2      | Noticed Crazy Yiuf
  1963 | D:2      | Killed Crazy Yiuf
  2433 | D:3      | Reached skill level 5 in Fighting
  2433 | D:3      | Reached XP level 5. HP: 20/35 MP: 5/5
  2606 | D:3      | Found Nejiuth's Antique Weapon Shoppe.
  2765 | D:3      | Found a hazy altar of Hepliaklqana.
  2836 | D:3      | Found Baril's Distillery.
  2844 | D:3      | Bought a potion of heal wounds for 50 gold pieces
  2844 | D:3      | Bought a potion of mutation for 80 gold pieces
  3435 | D:4      | Reached XP level 6. HP: 23/41 MP: 6/6
  3836 | D:4      | Noticed a black bear
  3845 | D:4      | Killed a black bear
  3846 | D:4      | Reached skill level 6 in Fighting
  3846 | D:4      | Found a basalt altar of Yredelemnul.
  3866 | D:4      | Noticed Ijyb
  3883 | D:4      | Killed Ijyb
  3884 | D:4      | Reached skill level 5 in Maces & Flails
  4495 | D:4      | Found a blossoming altar of Fedhas.
  4914 | D:4      | Noticed a necrophage
  4914 | D:4      | Noticed a necrophage
  4914 | D:4      | Noticed a necrophage
  4915 | D:4      | Noticed a necrophage
  4994 | D:4      | Killed a necrophage
  4995 | D:4      | Reached XP level 7. HP: 44/46 MP: 7/7
  5206 | D:5      | Entered Level 5 of the Dungeon
  5238 | D:5      | Noticed Edmund
  5256 | D:5      | Reached skill level 7 in Fighting
  5256 | D:5      | Reached skill level 5 in Armour
  5256 | D:5      | Reached XP level 8. HP: 21/53 MP: 8/8
  5260 | D:5      | Killed Edmund
  5534 | D:5      | Found a shimmering altar of Xom.
  5583 | D:5      | Found a hide-covered altar of Uskayaw.
  5686 | D:5      | Found an opulent altar of Gozag.
  5686 | D:5      | Found a shimmering blue altar of Sif Muna.
  5687 | D:5      | Found a stormy altar of Qazlal.
  6713 | D:6      | Noticed Eustachio
  6745 | D:6      | Killed Eustachio
  6746 | D:6      | Reached skill level 8 in Fighting
  6943 | D:6      | Reached XP level 9. HP: 49/59 MP: 9/9
  7207 | D:6      | Noticed Dowan
  7209 | D:6      | Noticed Duvessa
  7219 | D:6      | Killed Duvessa
  7233 | D:6      | Killed Dowan
  7467 | D:6      | Noticed a troll
  7714 | D:6      | HP: 2/90 [troll (11)]
  7714 | D:6      | Demolished by an ogre

Illustrated notes

Levels and vault maps discovered:
D:1:      minmay_arrival_shoal_huts, layout_loops_cross,
          hellmonk_ecumenical_altar_crossroads, minmay_gold_behind_fungi
D:2:      layout_loops_ring, minmay_misc_feat_five,
          chequers_serial_rivers_marsh, uniq_crazy_yiuf_cottage, uniq_jessica
D:3:      layout_loops_ring, mainiacjoe_overflow_paths, serial_shops,
          nicolae_shop_statue_plus, nicolae_shop_statue_plus,
          hangedman_abyss_or_decor_stabs, minmay_misc_feat_x
D:4:      layout_layer_cave, mainiacjoe_overflow_small_starburst,
          fedhas_altar_decomposition, uniq_ijyb
D:5:      layout_layer_cave, jmf_multi_god_temple,
          chequers_temple_overflow_statue_of_worship, uniq_edmund
D:6:      kennysheep_windowed_halls, layout_basic, minmay_misc_feat_roman,
          kennysheep_crisscross, uniq_eustachio, uniq_duvessa, uniq_pikel

Skill      XL: |  1  2  3  4  5  6  7  8  9 |
---------------+----------------------------+-----
Fighting       | 4 5 6 7 8 |  8.8
Maces & Flails | 3 4 5 6 7 |  7.7
Armour         | 4 5 6 7 |  7.4
Shields        | |  3.2

Action                   |  1- 3 |  4- 6 |  7- 9 || total
-------------------------+-------+-------+-------++-------
Melee: Flail             |    67 |   192 |    74 ||   333
       Morningstar       |       |       |   113 ||   113
Throw: Dart              |       |       |     8 ||     8
  Use: Scroll            |       |    12 |     8 ||    20
       Potion            |       |       |     6 ||     6
 Stab: Invisible         |       |       |     1 ||     1
Armor: Scale mail        |    32 |   121 |       ||   153
       Chain mail        |       |    10 |   166 ||   176
       Skin              |       |       |    10 ||    10
Dodge: Dodged            |    29 |   109 |    76 ||   214
Block: Buckler           |    10 |    43 |    39 ||    92

Table legend: (Time is in decaauts)
 A = Elapsed time spent in this place.
 B = Non-inter-level travel time spent in this place.
 C = Inter-level travel time spent in this place.
 D = Time resting spent in this place.
 E = Time spent auto-exploring this place.
 F = Levels seen in this place.
 G = Mean time per level.
                   A        B        C        D        E       F      G
               +--------+--------+--------+--------+--------+-----+--------+
         Total |   7789 |   7624 |    165 |   1546 |   5003 |   6 | 1298.2 |
       Dungeon |   7789 |   7624 |    165 |   1546 |   5003 |   6 | 1298.2 |
               +--------+--------+--------+--------+--------+-----+--------+

Top non-repeatable levels by time:
     D:4: 1865 daAuts
     D:5: 1451 daAuts
     D:2: 1401 daAuts
     D:6: 1064 daAuts
     D:1: 1038 daAuts
     D:3: 968 daAuts
